 Dungeon Crawl Stone Soup version 0.24.0-7-gb3623d2c88 (webtiles) character file.

Game seed: 14626196253309348791, levelgen mode: deterministic

756 Monsterracer the Chopper (level 7, 0/66 HPs)
             Began as a Deep Dwarf Fighter on Nov 2, 2019.
             Slain by Duvessa
             ... wielding a +0 rapier
              (11 damage)
             ... on level 4 of the Dungeon.
             The game lasted 00:00:57 (1885 turns).

Monsterracer the Chopper (Deep Dwarf Fighter)       Turns: 1885, Time: 00:00:58

Health: 0/66       AC:  7    Str: 21    XL:     7   Next: 50%
Magic:  6/6        EV:  7    Int:  9    God:
Gold:   171        SH: 10    Dex: 17    Spells: 6/6 levels left

rFire    . . .     SeeInvis .   a - +0 war axe
rCold    . . .     Gourm    .   f - +0 shield
rNeg     . . .     Faith    .   b - +0 scale mail
rPois    .         Spirit   .   (no helmet)
rElec    .         Reflect  .   (no cloak)
rCorr    .         Harm     .   (no gloves)
MR       +....                  (no boots)
Stlth    ..........             (no amulet)
HPRegen  0.00/turn              l - +5 ring of dexterity
MPRegen  0.10/turn              (no ring)

@: non-regenerating
A: damage resistance, heal wounds, sense surroundings 1, no regeneration
a: Heal Wounds


You were on level 4 of the Dungeon.
You were not hungry.

You visited 1 branch of the dungeon, and saw 4 of its levels.

You collected 171 gold pieces.

Inventory:

Hand Weapons
 a - a +0 war axe (weapon)
Armour
 b - a +0 scale mail (worn)
 f - a +0 shield (worn)
Jewellery
 l - a +5 ring of dexterity (left hand)
   (You found it on level 2 of the Dungeon)
 p - an uncursed ring of flight {unknown}
   (You found it on level 2 of the Dungeon)
 q - a +2 ring of dexterity
   (You found it on level 2 of the Dungeon)
Wands
 s - a wand of acid (8)
   (You found it on level 4 of the Dungeon)
Scrolls
 d - a scroll of amnesia {unknown}
 e - 4 scrolls of remove curse {unknown}
 g - 4 scrolls of teleportation {unknown}
 h - 2 scrolls of blinking {unknown}
 i - 7 scrolls of identify {unknown}
 k - a scroll of enchant armour {unknown}
 o - a scroll of noise {unknown}
 u - a scroll of magic mapping {unknown}
 x - a scroll of fear {unknown}
 y - a scroll of enchant weapon {unknown}
Potions
 j - a potion of might
 m - a potion of magic {unknown}
 n - 2 potions of lignification {unknown}
 r - 2 potions of haste {unknown}
 t - 2 potions of berserk rage {unknown}
 v - a potion of invisibility {unknown}
 w - a potion of heal wounds {unknown}
Comestibles
 c - 2 rations


   Skills:
 + Level 4.3 Fighting
 * Level 6.1 Axes
 + Level 5.2 Armour
 + Level 5.2 Shields


You had 6 spell levels left.
You didn't know any spells.
Your spell library contained the following spells:

 Spells                   Type           Power        Failure   Level  Hunger
 Animate Skeleton         Necr           N/A          98%         1    ##.....
 Apportation              Tloc           #.....       98%         1    ##.....
 Confusing Touch          Hex            #.....       98%         1    ##.....
 Summon Small Mammal      Summ           #...         98%         1    ##.....


Dungeon Overview and Level Annotations

Branches:
Dungeon (4/15)
 Temple: D:4-7

Altars:

Shops:
D:4 (

Annotations:
D:4 Duvessa


Innate Abilities, Weirdness & Mutations

You are resistant to damage.
You can heal yourself by infusing magical energy.
You passively map a small area around you.
You do not regenerate.


Message History

Duvessa, Sister of Dowan comes into view.
She is wielding a +0 rapier.
Found a scroll labeled ZENKELI VIBRUD.
Found a stone staircase leading up.
Your shield prevents you from hitting Duvessa.
You block Duvessa's attack.
A phantom comes into view.
You slash Dowan!
Dowan is heavily wounded.
You slash Duvessa! Duvessa hits you but does no damage.
Dowan hits you with a +0 dagger. Dowan hits you but does no damage.
Duvessa hits you with a +0 rapier.
The phantom blinks!
You slash Dowan!
Dowan is almost dead.
You hit Duvessa but do no damage.
Dowan gestures wildly while chanting.
Dowan blinks!
The phantom blinks!
You block Duvessa's attack.
There are monsters nearby!
You hit Duvessa.
Duvessa is moderately wounded.
Duvessa hits you with a +0 rapier.
You hit Duvessa but do no damage.
Duvessa is moderately wounded.
You block Duvessa's attack.
You barely miss Duvessa.
Duvessa is moderately wounded.
You barely miss the phantom. The phantom hits you.
The phantom blinks!
You block Duvessa's attack.
You hit Duvessa but do no damage.
Duvessa is moderately wounded.
Duvessa hits you with a +0 rapier.
The phantom blinks!
Dowan drinks a potion.
Dowan is healed!
Your scale mail prevents you from hitting Duvessa.
Duvessa is moderately wounded.
Duvessa hits you but does no damage. Duvessa hits you with a +0 rapier.
There are monsters nearby!
There are monsters nearby!
You slash Dowan!
You kill Dowan!
Duvessa screams, "No!
How DARE you!"
Duvessa goes berserk!
You closely miss Duvessa. Duvessa hits you with a +0 rapier.
You hit Duvessa but do no damage.
Duvessa is moderately wounded.
Duvessa hits you with a +0 rapier.
The phantom blinks!
Duvessa hits you but does no damage.
The phantom blinks!
You are too injured to fight recklessly!
You are too injured to fight recklessly!
You are too injured to fight recklessly!
You are too injured to fight recklessly!
You are too injured to fight recklessly!
You are too injured to fight recklessly!
You are too injured to fight recklessly!
You are too injured to fight recklessly!
You are too injured to fight recklessly!
You are too injured to fight recklessly!
You are too injured to fight recklessly!
You are too injured to fight recklessly!
You are too injured to fight recklessly!
You are too injured to fight recklessly!
You are too injured to fight recklessly!
You are too injured to fight recklessly!
You are too injured to fight recklessly!
You are too injured to fight recklessly!
You closely miss Duvessa.
Duvessa is moderately wounded.
You block Duvessa's attack. Duvessa hits you with a +0 rapier!
You slash Duvessa!
Duvessa is moderately wounded.
Duvessa hits you with a +0 rapier!
You hit Duvessa.
Duvessa is heavily wounded.
Duvessa hits you but does no damage. You block Duvessa's attack.
You hit Duvessa but do no damage.
Duvessa is heavily wounded.
Duvessa hits you with a +0 rapier!
* * * LOW HITPOINT WARNING * * *
You block Duvessa's attack.
You feel much better. You block Duvessa's attack.
You fail to use your ability.
Duvessa hits you with a +0 rapier! The phantom completely misses you.
You slash Duvessa!
Duvessa is heavily wounded.
You hit the phantom. You block Duvessa's attack.
Duvessa hits you with a +0 rapier!
* * * LOW HITPOINT WARNING * * *
The phantom hits you.
The phantom blinks!
You fail to use your ability.
You block Duvessa's attack.
You slash Duvessa!
Duvessa is severely wounded.
Duvessa completely misses you. You block Duvessa's attack.
You hit Duvessa.
Duvessa is almost dead.
Duvessa closely misses you. Duvessa barely misses you.
You hit Duvessa but do no damage.
Duvessa is almost dead.
Duvessa hits you but does no damage.
You hit Duvessa.
Duvessa is almost dead.
You hit the phantom but do no damage. Duvessa hits you with a +0 rapier!
You die...

......? #.......... *
..........# #..........
..........* #..........
*
..........####..........
,........ #.............
........ #.............
, #...###............. ,
,+................... *
#..@######..........
#.eW# #...........
<....##***#........... ,
......., #........... ,
.......,, .....#.#.### *
......., , ...#.#.... ,
....... , .# #.### ,
....... , ........ ,, ,
#.#####


You could see a phantom and Duvessa (berserk).

Vanquished Creatures
  Grinder (D:3)
  An ice beast (D:3)
  A scorpion (D:4)
  Dowan (D:4)
  A hound (D:4)
  2 orc priests (D:4)
  An orc wizard (D:4)
  Jessica (D:3)
  2 worker ants (D:3 D:4)
  Terence (D:2)
  4 adders (D:2 D:4)
  An ooze (D:2)
  3 dart slugs (D:1 D:2)
  3 leopard geckos (D:3)
  6 orcs (D:3 D:4)
  A giant cockroach (D:2)
  9 goblins (D:1 D:2 D:3)
  12 hobgoblins (D:1 D:2 D:3)
  13 jackals (D:1 D:2 D:4)
  7 kobolds (D:1 D:2 D:3)
  3 quokkas (D:2 D:3)
  2 ball pythons (D:3 D:4)
  10 bats (D:1 D:2 D:3)
  7 frilled lizards (D:1 D:2 D:3)
  6 rats (D:1 D:2 D:3)
99 creatures vanquished.

Notes
Turn   | Place    | Note
-------+----------+-------------------------------------------
     0 | D:1      | Monsterracer the Deep Dwarf Fighter began the quest for the
                  | Orb.
     0 | D:1      | Reached XP level 1. HP: 20/20 MP: 1/1
    48 | D:1      | Reached XP level 2. HP: 27/27 MP: 2/2
   318 | D:1      | Reached skill level 3 in Axes
   392 | D:2      | Reached XP level 3. HP: 23/33 MP: 3/3
   427 | D:2      | Noticed Terence
   438 | D:2      | HP: 17/34 [jackal (2)]
   453 | D:2      | Killed Terence
   453 | D:2      | Reached XP level 4. HP: 42/42 MP: 4/4
   962 | D:3      | Reached skill level 4 in Axes
  1018 | D:3      | Noticed Jessica
  1027 | D:3      | Killed Jessica
  1027 | D:3      | Reached XP level 5. HP: 47/49 MP: 4/4
  1083 | D:3      | Noticed Grinder
  1093 | D:3      | HP: 22/49 [Grinder (7)]
  1115 | D:3      | Killed Grinder
  1115 | D:3      | Reached skill level 5 in Axes
  1115 | D:3      | Reached XP level 6. HP: 34/57 MP: 5/5
  1192 | D:3      | Noticed an ice beast
  1194 | D:3      | HP: 23/57 [ice beast (11)]
  1206 | D:3      | Killed an ice beast
  1732 | D:4      | Reached XP level 7. HP: 53/64 MP: 6/6
  1771 | D:4      | Found Taluimat's Antique Weapon Shoppe.
  1804 | D:4      | Reached skill level 5 in Shields
  1811 | D:4      | Reached skill level 5 in Armour
  1838 | D:4      | Reached skill level 6 in Axes
  1861 | D:4      | Noticed Dowan
  1861 | D:4      | Noticed Duvessa
  1872 | D:4      | Killed Dowan
  1873 | D:4      | HP: 33/66 [Duvessa/+0 rapier (2)]
  1877 | D:4      | HP: 10/66 [Duvessa/+0 rapier (10)]
  1885 | D:4      | Slain by Duvessa

Levels and vault maps discovered:
D:1:      minmay_arrival_four_houses, layout_rooms
D:2:      layout_rooms, first_ration, uniq_terence
D:3:      layout_loops_cross, serial_bayou_ford_a, uniq_grinder, uniq_jessica
D:4:      layout_basic, serial_shops, shop, uniq_duvessa

Skill      XL: |  1  2  3  4  5  6  7 |
---------------+----------------------+-----
Axes           | 3 4 5 6 |  6.1
Fighting       | 3 4 |  4.3
Shields        | 4 5 |  5.2
Armour         | 4 5 |  5.2

Action                   |  1- 3 |  4- 6 |  7- 9 || total
-------------------------+-------+-------+-------++-------
Melee: War axe           |    98 |   174 |    53 ||   325
 Abil: Heal Wounds       |     1 |     3 |     2 ||     6
  Eat: Chunk             |       |     3 |     1 ||     4
Armor: Scale mail        |    67 |    86 |    33 ||   186
Dodge: Dodged            |    47 |    44 |    20 ||   111
Block: Shield            |    90 |    92 |    43 ||   225
